 Dungeon Crawl Stone Soup version 0.31.0-11-ge490571c62 (webtiles) character file.

Game seed: 17648588032085364158

44351 Daunt the Thaumaturge (level 14, -11/108 HPs)
             Began as a Gnoll Earth Elementalist on Jan 26, 2024.
             Was the Champion of Cheibriados.
             Mangled by a spark wasp (16 damage)
             ... on level 1 of the Spider Nest.
             The game lasted 02:30:10 (8631 turns).

Daunt the Thaumaturge (Gnoll Earth Elementalist)    Turns: 8631, Time: 02:30:11

Health: -11/108    AC: 16    Str: 28    XL:     14   Next: 28%
Magic:  23/37      EV: 21    Int: 34    God:    Cheibriados [******]
Gold:   934        SH:  0    Dex: 28    Spells: 12/34 levels left

rFire   . . .        S - +1 short sword of Makhleb's Delight {spect, ^Fragile MP+9 Str+5}
rCold   + . .        (no shield)
rNeg    . . .        R - +0 swamp dragon scales
rPois   +            p - +1 hat {Will+}
rElec   .            o - +1 cloak
rCorr   +            v - +0 pair of gloves
SInv    .            y - +0 pair of boots
Will    ++...        (no amulet)
Stlth   +++++        C - ring of protection from cold
HPRegen 0.38/turn    X - ring of resist corrosion
MPRegen 0.25/turn

%: no passive effects
@: very slow
A: fangs 1, strong nose, distributed training
a: Renounce Religion, Bend Time, Temporal Distortion, Slouch, Step From Time


You were on level 1 of the Spider Nest.
You worshipped Cheibriados.
Cheibriados was exalted by your worship.
You visited 4 branches of the dungeon, and saw 16 of its levels.

You collected 934 gold pieces.

Inventory:

Hand Weapons
 c - a +2 vampiric dagger
 d - a +1 glaive of draining
 S - the +1 short sword of Makhleb's Delight (weapon) {spect, ^Fragile MP+9 Str+5}
   (You found it on level 9 of the Dungeon)

   Str+5:     It affects your strength (+5).
   MP+9:      It affects your magic capacity (+9).
   ^Fragile:  It will be destroyed if unequipped.
Missiles
 B - 17 poisoned darts
 K - 12 darts of dispersal
 T - 3 throwing nets
 Y - 5 javelins
Armour
 o - a +1 cloak (worn)
 p - a +1 hat of willpower (worn)
 v - a +0 pair of gloves (worn)
 y - a +0 pair of boots (worn)
 R - +0 swamp dragon scales (worn)
 U - a +1 ring mail of fire resistance
Magical Staves
 a - a staff of earth
Jewellery
 C - a ring of protection from cold (left hand)
 I - a ring of see invisible
 P - a ring of poison resistance
 X - a ring of resist corrosion (right hand)
Talismans
 k - a granite talisman
Wands
 g - a wand of flame (10)
 x - a wand of light (11)
 O - a wand of roots (23)
 W - a wand of mindburst (30)
 Z - a wand of charming (27)
Scrolls
 b - 2 scrolls of blinking {unknown}
 h - 5 scrolls of vulnerability
 m - 3 scrolls of revelation
 n - a scroll of poison {unknown}
 r - a scroll of torment {unknown}
 s - 2 scrolls of fear {unknown}
 D - a scroll of enchant armour {unknown}
 F - a scroll of summoning {unknown}
 G - 5 scrolls of teleportation
 L - a scroll of noise
 M - 2 scrolls of fog {unknown}
 N - 2 scrolls of amnesia {unknown}
 Q - 3 scrolls of silence {unknown}
 V - 3 scrolls of immolation
Potions
 e - 3 potions of mutation
 f - 7 potions of curing
 j - a potion of invisibility
 l - 2 potions of might
 q - a potion of lignification
 t - 2 potions of ambrosia
 u - 2 potions of attraction
 w - a potion of cancellation {unknown}
 z - 2 potions of resistance {unknown}
 A - 2 potions of berserk rage {unknown}
 E - 4 potions of magic
 H - 4 potions of heal wounds {unknown}
 J - 5 potions of enlightenment {unknown}


   Skills:
 + Level 9.4 Fighting
 + Level 9.4 Short Blades
 + Level 9.4 Long Blades
 + Level 9.4 Axes
 + Level 9.4 Maces & Flails
 + Level 9.4 Polearms
 + Level 9.4 Staves
 + Level 9.4 Ranged Weapons
 + Level 9.4 Throwing
 + Level 9.4 Armour
 + Level 10.5 Dodging
 + Level 10.3 Stealth
 + Level 9.4 Shields
 + Level 9.4 Unarmed Combat
 + Level 10.7 Spellcasting
 + Level 8.2 Conjurations
 + Level 7.8 Hexes
 + Level 7.8 Summonings
 + Level 7.8 Necromancy
 + Level 7.8 Translocations
 + Level 7.8 Fire Magic
 + Level 7.8 Ice Magic
 + Level 7.8 Air Magic
 + Level 9.6 Earth Magic
 + Level 7.8 Alchemy
 + Level 10.3 Invocations
 + Level 9.4 Evocations
 + Level 8.6 Shapeshifting


You had 12 spell levels left.
You knew the following spells:

 Your Spells              Type           Power      Damage    Failure   Level
a - Sandblast             Erth           100%       2d20      1%          1
c - Petrify               Alch/Erth      67%        N/A       1%          4
l - Summon Blazeheart Go  Fire/Summ      64%        N/A       1%          4
m - Summon Small Mammal   Summ           100%       N/A       1%          1
p - Passwall              Erth           71%        N/A       1%          3
s - Stone Arrow           Conj/Erth      100%       3d13      1%          3
t - Starburst             Conj/Fire      32%        6d10      19%         6

Your spell library contained the following spells:

 Spells                   Type           Power      Damage    Failure   Level
 Scorch                   Fire           100%       2d9       1%          2
 Call Canine Familiar     Summ           64%        N/A       1%          3
 Dazzling Flash           Conj/Hex       100%       N/A       1%          3
 Hailstorm                Conj/Ice       64%        3d12      1%          3
 Summon Ice Beast         Ice/Summ       64%        N/A       1%          3
 Volatile Blastmotes      Fire/Tloc      100%       2d18      1%          3
 Brom's Barrelling Bould  Conj/Erth      68%        2d8       1%          4
 Flame Wave               Conj/Fire      64%        2d15      1%          4
 Sculpt Simulacrum        Ice/Alch       32%        N/A       21%         6
 Summon Cactus Giant      Summ           32%        N/A       21%         6
 Haunt                    Necr/Summ      32%        N/A       75%         7
 Borgnjor's Revivificati  Necr           32%        N/A       100%        8
 Maxwell's Capacitive Co  Air            32%        ∞         100%        8
 Death's Door             Necr           32%        N/A       100%        9


Dungeon Overview and Level Annotations

Branches:
Dungeon (9/15)             Temple (1/1) D:4            Lair (5/5) D:8
 Shoals (0/4) Lair:2       Spider (1/4) Lair:3        Slime (0/5) Lair:4
    Orc (0/2) D:9

Altars:
Ashenzari
Cheibriados
Dithmenos
Elyvilon
Gozag
Hepliaklqana
Kikubaaqudgha
Makhleb
Nemelex Xobeh
Okawaru
Qazlal
Sif Muna
Trog
Uskayaw
Vehumet
Xom
Yredelemnul
The Shining One

Annotations:
D:7 1 runed translucent door, Crazy Yiuf


Innate Abilities, Weirdness & Mutations

You have very sharp teeth.
Your uncanny sense of smell can sniff out nearby items.
Your experience applies equally to all skills.


Message History

Unknown command.
Unknown command.
As you read the scroll labelled LAFYLAZXAC, it crumbles to dust.
You hear a loud clanging noise!
It was a scroll of noise.
The spark wasp stings you but does no damage.
The pharaoh ant bites your blazeheart golem!!!
Your blazeheart golem falls apart, revealing its core!
The entropy weaver barely misses you.
The entropy weaver hits you but does no damage.
The entropy weaver closely misses you.
The entropy weaver completely misses you.
Unknown command.
Unknown command.
The spark wasp attacks as it pursues you!
The spark wasp completely misses you.
The pharaoh ant completely misses your blazeheart core.
Your blazeheart core explodes!
The fiery explosion engulfs the pharaoh ant!!
The fiery explosion engulfs the entropy weaver!!!
The spark wasp closely misses you.
The pharaoh ant is engulfed in blazing flames.
The spark wasp misses you.
The pharaoh ant is engulfed in blazing flames.
You destroy the pharaoh ant!
Cheibriados thoroughly appreciates the change of pace.
The pharaoh ant binds the souls of nearby monsters.
You see here a broodmother corpse.
Casting: Summon Blazeheart Golem (mildly dangerous; 1% risk of failure)
Confirm with . or Enter, or press ? or * to list all spells.
Casting: Starburst (dangerous; 19% risk of failure)
Press: ? - help, Dir - look around, f - activate The bolt of fire hits the spark wasp!!
The spark wasp is moderately wounded.
The bolt of fire hits the entropy weaver!!
The entropy weaver is almost dead.
The spark wasp stings you.
* * * LOW HITPOINT WARNING * * *
The spark wasp shocks you!
You die...

##[.##...# #.###..### ####
#...†...###...##....###...
#.............#......#....
#...........# #...........
##...#...#.#.###..........
#####...######...........
###..#...##..###..........
#...#.^.#.....#........††.
#......y@....##.....†.†<†
#$.....○°#....#####.......
##...#.B°#..### ##......
#####.○○#### #..†... #§§.#
#...... ...#. .........
...... #........ ........
#........ ^.##.. #.
#........


You could see an entropy weaver (soul bound) and a spark wasp (soul bound).

Vanquished Creatures
  Gastronok (Lair:1)
  2 broodmothers (Spider:1)
  3 hydras
  2 boulder beetles
  A hell hog (Lair:5)
  Urug (Lair:3)
  A skyshark (Lair:5)
  A pharaoh ant (Spider:1)
  Pikel (D:6)
  A wolf spider (Spider:1)
  2 steelbarb worms (Spider:1)
  Maurice (D:8)
  4 black mambas
  A torpor snail (Lair:3)
  10 cane toads
  Maggie (D:6)
  8 komodo dragons
  4 rime drakes
  Jeremiah (D:7)
  13 polar bears
  4 merfolk (Lair:2)
  A raiju (Lair:5)
  7 blink frogs (Lair:5)
  4 tarantellas (Spider:1)
  A dream sheep (Lair:5)
  2 culicivoras
  4 jumping spiders
  A wraith (D:9)
  A nameless horror (Lair:1)
  3 wyverns
  35 yaks
  9 basilisks
  4 steam dragons
  6 wargs (Lair:5)
  8 redbacks
  8 water moccasins
  Menkaure (D:6)
  An acid dragon (D:9)
  13 hell hounds (Lair:5)
  5 orc warriors
  A sky beast (D:7)
  6 ice beasts
  12 black bears
  24 wolves
  4 centaurs (D:8)
  9 bullfrogs
  A gnoll sergeant (D:7)
  4 scorpions
  9 wights
  A howler monkey (D:5)
  A bombardier beetle (D:7)
  4 hounds
  10 orc priests
  4 iguanas
  A sleepcap (D:7)
  Natasha (thrice) (D:2)
  7 orc wizards
  7 hell rats (Lair:1)
  15 gnolls
  5 adders
  3 shadow imps
  2 white imps (D:6)
  2 ufetubi (D:6)
  2 dart slugs
  36 orcs
  An endoplasm (D:4)
  A giant cockroach (D:3)
  4 goblins
  6 hobgoblins
  8 jackals
  14 kobolds
  A quokka (D:2)
  7 ball pythons
  2 bats (D:1)
  A frilled lizard (D:2)
  A rat (D:2)
396 creatures vanquished.

Vanquished Creatures (collateral kills)
  A boulder beetle (Lair:5)
  A redback (Spider:1)
  A hell hound (Lair:5)
  2 orc warriors (D:9)
  A wight (D:9)
  2 orcs (D:9)
8 creatures vanquished.

Vanquished Creatures (others)
  20 blazeheart cores
20 creatures vanquished.

Grand Total: 424 creatures vanquished

Notes
Turn   | Place    | Note
-------+----------+-------------------------------------------
     0 | D:1      | Daunt the Gnoll Earth Elementalist began the quest for the
                  | Orb.
     0 | D:1      | Reached XP level 1. HP: 13/13 MP: 6/6
   145 | D:1      | Reached XP level 2. HP: 19/19 MP: 5/7
   240 | D:1      | Found a faded altar of an unknown god.
   278 | D:1      | Reached skill level 5 in Spellcasting
   278 | D:1      | Reached XP level 3. HP: 25/25 MP: 5/9
   282 | D:1      | Learned a level 3 spell: Passwall
   447 | D:2      | Noticed Natasha
   450 | D:2      | Killed Natasha
   451 | D:2      | Reached skill level 1 in Fighting
   451 | D:2      | Reached skill level 1 in Short Blades
   451 | D:2      | Reached skill level 1 in Long Blades
   451 | D:2      | Reached skill level 1 in Axes
   451 | D:2      | Reached skill level 1 in Maces & Flails
   451 | D:2      | Reached skill level 1 in Polearms
   451 | D:2      | Reached skill level 1 in Staves
   451 | D:2      | Reached skill level 1 in Ranged Weapons
   451 | D:2      | Reached skill level 1 in Throwing
   451 | D:2      | Reached skill level 1 in Armour
   451 | D:2      | Reached skill level 1 in Shields
   451 | D:2      | Reached skill level 1 in Unarmed Combat
   451 | D:2      | Reached skill level 1 in Invocations
   451 | D:2      | Reached skill level 1 in Evocations
   601 | D:1      | Reached skill level 1 in Shapeshifting
   601 | D:1      | Reached XP level 4. HP: 32/32 MP: 9/11
   732 | D:2      | Reached skill level 1 in Hexes
   732 | D:2      | Reached skill level 1 in Summonings
   732 | D:2      | Reached skill level 1 in Necromancy
   732 | D:2      | Reached skill level 1 in Translocations
   732 | D:2      | Reached skill level 1 in Fire Magic
   732 | D:2      | Reached skill level 1 in Ice Magic
   732 | D:2      | Reached skill level 1 in Air Magic
   732 | D:2      | Reached skill level 1 in Alchemy
   738 | D:2      | Noticed Natasha
   742 | D:2      | Killed Natasha
   747 | D:2      | Noticed Natasha
   749 | D:2      | Killed Natasha
   750 | D:2      | Reached XP level 5. HP: 37/37 MP: 9/12
   931 | D:3      | Learned a level 3 spell: Stone Arrow
  1068 | D:3      | Found a broken altar of Ashenzari.
  1146 | D:4      | Learned a level 1 spell: Summon Small Mammal
  1286 | D:4      | Reached XP level 6. HP: 23/44 MP: 1/14
  1342 | D:4      | Found a staircase to the Ecumenical Temple.
  1353 | D:4      | Reached skill level 5 in Dodging
  1361 | Temple   | Entered the Ecumenical Temple
  1404 | Temple   | Became a worshipper of Cheibriados the Contemplative
  1625 | D:5      | Entered Level 5 of the Dungeon
  1832 | D:4      | Found a burning altar of Makhleb.
  1997 | D:5      | Found a shimmering blue altar of Sif Muna.
  2197 | D:6      | Noticed an ice beast
  2204 | D:6      | Killed an ice beast
  2205 | D:6      | Reached XP level 7. HP: 51/51 MP: 3/15
  2210 | D:6      | Learned a level 4 spell: Petrify
  2247 | D:6      | Reached * piety under Cheibriados
  2289 | D:6      | Reached skill level 5 in Stealth
  2291 | D:6      | Noticed Maggie
  2371 | D:5      | Found a glowing golden altar of the Shining One.
  2371 | D:5      | Found a sparkling altar of Nemelex Xobeh.
  2577 | D:6      | Reached XP level 8. HP: 58/58 MP: 5/16
  2586 | D:6      | Noticed Menkaure
  2663 | D:6      | Killed Menkaure
  2719 | D:6      | Reached ** piety under Cheibriados
  2794 | D:6      | Killed Maggie
  2868 | D:7      | Noticed Jeremiah
  2909 | D:7      | Reached XP level 9. HP: 37/65 MP: 12/18
  3099 | D:7      | Noticed Pikel
  3129 | D:6      | Killed Pikel
  3130 | D:6      | Reached skill level 5 in Invocations
  3288 | D:6      | Reached *** piety under Cheibriados
  3401 | D:7      | Found a runed translucent door.
  3402 | D:7      | Noticed Crazy Yiuf
  3452 | D:7      | Found an iron altar of Okawaru.
  3560 | D:8      | Found an ancient bone altar of Kikubaaqudgha.
  3580 | D:8      | Reached skill level 5 in Fighting
  3580 | D:8      | Reached skill level 5 in Short Blades
  3580 | D:8      | Reached skill level 5 in Long Blades
  3580 | D:8      | Reached skill level 5 in Axes
  3580 | D:8      | Reached skill level 5 in Maces & Flails
  3580 | D:8      | Reached skill level 5 in Polearms
  3580 | D:8      | Reached skill level 5 in Staves
  3580 | D:8      | Reached skill level 5 in Ranged Weapons
  3580 | D:8      | Reached skill level 5 in Throwing
  3580 | D:8      | Reached skill level 5 in Armour
  3580 | D:8      | Reached skill level 5 in Shields
  3580 | D:8      | Reached skill level 5 in Unarmed Combat
  3580 | D:8      | Reached skill level 5 in Evocations
  3580 | D:8      | Reached XP level 10. HP: 60/74 MP: 16/20
  3676 | D:8      | Found a hazy altar of Hepliaklqana.
  3716 | D:8      | Reached skill level 5 in Conjurations
  3749 | D:8      | Reached skill level 5 in Shapeshifting
  3809 | D:8      | Found a staircase to the Lair.
  3856 | D:8      | Learned a level 4 spell: Summon Blazeheart Golem
  3872 | D:8      | Noticed Maurice
  3912 | D:8      | Something stole a +1 glaive of draining
  3938 | D:8      | Killed Maurice
  4012 | D:8      | Found a flagged portal.
  4191 | D:7      | Reached skill level 5 in Hexes
  4191 | D:7      | Reached skill level 5 in Summonings
  4191 | D:7      | Reached skill level 5 in Necromancy
  4191 | D:7      | Reached skill level 5 in Translocations
  4191 | D:7      | Reached skill level 5 in Fire Magic
  4191 | D:7      | Reached skill level 5 in Ice Magic
  4191 | D:7      | Reached skill level 5 in Air Magic
  4191 | D:7      | Reached skill level 5 in Alchemy
  4283 | D:7      | Killed Jeremiah
  4284 | D:7      | Reached XP level 11. HP: 81/81 MP: 22/22
  4468 | D:9      | Identified the +1 short sword of Makhleb's Delight {spect,
                  | ^Fragile MP+9 Str+5}
  4522 | D:9      | Reached **** piety under Cheibriados
  4589 | D:9      | Found a staircase to the Orcish Mines.
  4661 | D:9      | Found a basalt altar of Yredelemnul.
  4717 | D:9      | Found a white marble altar of Elyvilon.
  5075 | Lair:1   | Entered Level 1 of the Lair of Beasts
  5275 | Lair:1   | Noticed Gastronok
  5297 | Lair:1   | Killed Gastronok
  5644 | Lair:2   | Reached ***** piety under Cheibriados
  5681 | Lair:2   | Found a staircase to the Shoals.
  5783 | Lair:2   | Reached XP level 12. HP: 73/91 MP: 24/24
  5787 | Lair:2   | Noticed a boulder beetle
  5811 | Lair:2   | Killed a boulder beetle
  6176 | Lair:3   | Noticed Urug
  6184 | Lair:3   | Killed Urug
  6460 | Lair:4   | Noticed a four-headed hydra
  6460 | Lair:4   | Found a staircase to the Slime Pits.
  6841 | Lair:4   | Noticed a seven-headed hydra
  6849 | Lair:4   | Killed a seven-headed hydra
  6921 | Lair:4   | Killed a four-headed hydra
  7019 | Lair:3   | Found a hole to the Spider Nest.
  7112 | Lair:3   | Reached XP level 13. HP: 44/98 MP: 26/26
  7237 | Lair:5   | Entered Level 5 of the Lair of Beasts
  7453 | Lair:5   | Found a bloodstained altar of Trog.
  7502 | Lair:5   | Reached ****** piety under Cheibriados
  7508 | Lair:5   | Reached skill level 10 in Spellcasting
  7740 | Lair:5   | Reached skill level 10 in Dodging
  8025 | Lair:5   | Learned a level 6 spell: Starburst
  8066 | Lair:5   | Reached skill level 10 in Stealth
  8156 | Lair:5   | Reached XP level 14. HP: 90/108 MP: 10/28
  8164 | Lair:5   | Reached skill level 10 in Invocations
  8255 | Lair:5   | Identified the +5 trident of the Wasteland {venom, *Rage
                  | MP+9 SInv}
  8325 | Spider:1 | Entered Level 1 of the Spider Nest
  8325 | Spider:1 | Noticed a broodmother
  8333 | Spider:1 | Killed a broodmother
  8618 | Spider:1 | Noticed a broodmother
  8627 | Spider:1 | Killed a broodmother
  8631 | Spider:1 | HP: 5/108 [spark wasp (6)]
  8631 | Spider:1 | Mangled by a spark wasp

Illustrated notes

Levels and vault maps discovered:
D:1:      tekkud_arrival_beachfront_property, layout_basic,
          shapermc_ecumenical_altar_acropolis, hangedman_glass_teeth
D:2:      layout_loops_ring, minivault_27, chequers_serial_rivers_micro_c,
          chequers_serial_rivers_room_a, kennysheep_generic_room_5, uniq_natasha
D:3:      layout_loops_ring, nicolae_ru_the_path_less_chosen,
          mainiacjoe_overflow_catwalk, nicolae_concentric_dashed_squares_mild,
          solitary_fountain
D:4:      layout_basic, tgw_trog, mainiacjoe_overflow_chevrons,
          minmay_temple_entry_wispy, hangedman_decor_points
D:5:      layout_basic, lemuel_blue_sif_altar, gammafunk_temple_overflow_pools,
          water_maze_lemuel
D:6:      layout_basic, minmay_unpleasant_kobolds, uniq_maggie, uniq_menkaure
D:7:      layout_loops_ring, okawaru_trees_1, nrook_pool_corridor,
          kennysheep_potato, uniq_crazy_yiuf_cottage, uniq_jeremiah, uniq_pikel
D:8:      layout_loops_ring, overflow_temple_1_default,
          nicolae_hepliaklqana_hazy_memory, hellmonk_lair_entry_icy,
          enter_bailey_2, uniq_maurice
D:9:      layout_long_grid, kennysheep_ying_yang, david_orc_4,
          ebering_dispersal_statue_hall
Temple:   hellmonk_temple_beads
Lair:1:   layout_cave_pods, uniq_gastronok
Lair:2:   layout_long_grid, elwin_shoals_entry_stream
Lair:3:   layout_cave_pods, nicolae_spider_entry_tight_spaces,
          kennysheep_basilisk_garden, grunt_megastairs_5, uniq_urug
Lair:4:   layout_loops_ring, slime_entry_1, chequers_serial_rivers_large_a,
          grunt_megastairs_2, infiniplex_staircase_pool_2
Lair:5:   hangedman_lair_caniforms_friends, layout_misc_corridors, basic_altar,
          hangedman_lair_unloving_vines
Spider:1: layout_cave_pods, portal_ice_cave_entry_pillars_1, drop_trap,
          nicolae_spider_claw_tunnel

Skill      XL: |  1  2  3  4  5  6  7  8  9 10 11 12 13 14 |
---------------+-------------------------------------------+-----
Conjurations   | 2 3 4 5 6 7 8 |  8.2
Spellcasting   | 5 6 7 8 9 10 | 10.7
Fighting       | 1 2 3 5 6 7 8 9 |  9.4
Short Blades   | 1 2 3 5 6 7 8 9 |  9.4
Long Blades    | 1 2 3 5 6 7 8 9 |  9.4
Axes           | 1 2 3 5 6 7 8 9 |  9.4
Maces & Flails | 1 2 3 5 6 7 8 9 |  9.4
Polearms       | 1 2 3 5 6 7 8 9 |  9.4
Staves         | 1 2 3 5 6 7 8 9 |  9.4
Ranged Weapons | 1 2 3 5 6 7 8 9 |  9.4
Throwing       | 1 2 3 5 6 7 8 9 |  9.4
Armour         | 1 2 3 5 6 7 8 9 |  9.4
Shields        | 1 2 3 5 6 7 8 9 |  9.4
Unarmed Combat | 1 2 3 5 6 7 8 9 |  9.4
Invocations    | 1 2 3 4 5 6 7 8 9 10 | 10.3
Evocations     | 1 2 3 5 6 7 8 9 |  9.4
Shapeshifting  | 1 2 3 4 5 6 7 8 |  8.6
Hexes          | 1 2 3 4 5 6 7 |  7.8
Summonings     | 1 2 3 4 5 6 7 |  7.8
Necromancy     | 1 2 3 4 5 6 7 |  7.8
Translocations | 1 2 3 4 5 6 7 |  7.8
Fire Magic     | 1 2 3 4 5 6 7 |  7.8
Ice Magic      | 1 2 3 4 5 6 7 |  7.8
Air Magic      | 1 2 3 4 5 6 7 |  7.8
Alchemy        | 1 2 3 4 5 6 7 |  7.8
Dodging        | 5 6 7 8 9 10 | 10.5
Stealth        | 5 6 7 8 9 10 | 10.3
Earth Magic    | 6 7 8 9 |  9.6

Action                     |  1- 3 |  4- 6 |  7- 9 | 10-12 | 13-15 || total
---------------------------+-------+-------+-------+-------+-------++-------
  Melee: Short sword       |       |     2 |       |   153 |    89 ||   244
         Dagger            |       |       |    18 |    68 |       ||    86
         Bite              |       |       |     4 |    28 |    19 ||    51
         Glaive            |       |       |     4 |     4 |       ||     8
         Staff             |       |       |     6 |     1 |       ||     7
         Punch             |       |       |       |    10 |     3 ||    13
   Fire: Sling             |       |    10 |    18 |       |       ||    28
         Shortbow          |       |       |       |     6 |       ||     6
  Throw: Boomerang         |       |       |       |     2 |       ||     2
         Dart              |       |       |       |     1 |       ||     1
   Cast: Sandblast         |    25 |    95 |    80 |    95 |   112 ||   407
         Passwall          |     1 |     7 |     8 |     7 |       ||    23
         Stone Arrow       |       |     8 |    18 |    53 |    33 ||   112
         Petrify           |       |       |     7 |    42 |    34 ||    83
         Summon Blazeheart |       |       |       |    13 |    15 ||    28
         Starburst         |       |       |       |       |     6 ||     6
    Use: Scroll            |       |       |       |     8 |     7 ||    15
         Potion            |       |       |       |       |     1 ||     1
   Stab: Petrified         |       |       |    15 |    73 |    47 ||   135
         Sleeping          |       |       |       |    16 |     6 ||    22
         Petrifying        |       |       |       |     5 |    10 ||    15
         Distracted        |       |       |       |     3 |       ||     3
 Armour: Robe              |       |    21 |    18 |       |       ||    39
         Swamp dragon scal |       |       |     4 |    37 |   195 ||   236
         Steam dragon scal |       |       |    24 |    86 |       ||   110
         Ring mail         |       |       |       |    63 |       ||    63
  Dodge: Dodged            |       |    40 |    56 |   284 |   400 ||   780
